 Dungeon Crawl Stone Soup version 0.31-a0-716-gc7603755dd (webtiles) character file.

Game seed: 923497820741438393

117 Crownlay the Ruffian (level 4, 44/44 HPs)
             Began as a Troll Fighter on Sept 10, 2023.
             Quit the game on level 3 of the Dungeon.
             The game lasted 00:02:06 (1227 turns).

Crownlay the Ruffian (Troll Fighter)                Turns: 1227, Time: 00:02:06

Health: 44/44      AC:  4    Str: 27    XL:     4   Next: 71%
Magic:  3/3        EV:  9    Int:  9    God:
Gold:   113        SH:  7    Dex:  9    Spells: 3/3 levels left

rFire   + . .        m - +8 spear of Golden Tenacity {drain, rF+ Str+3 Int+3}
rCold   . . .        b - +0 kite shield
rNeg    . . .        a - +0 robe
rPois   .            (helmet restricted)
rElec   .            (no cloak)
rCorr   .            (gloves unavailable)
SInv    .            (boots unavailable)
Will    .....        (no amulet)
Stlth   +            (no ring)
HPRegen 1.07/turn    (no ring)
MPRegen 0.08/turn

%: no passive effects
@: no status effects
A: large, unfitting armour, claws 3, regeneration 1, shaggy fur 1, tough skin 1
a: no special abilities


You were on level 3 of the Dungeon.
You visited 1 branch of the dungeon, and saw 3 of its levels.

You collected 113 gold pieces.

Inventory:

Hand Weapons
 m - the +8 spear of Golden Tenacity (weapon) {drain, rF+ Str+3 Int+3}
   (You found it on level 3 of the Dungeon)

   Str+3:     It affects your strength (+3).
   Int+3:     It affects your intelligence (+3).
   rF+:       It protects you from fire.
Armour
 a - a +0 robe (worn)
 b - a +0 kite shield (worn)
Scrolls
 d - 2 scrolls of enchant weapon
 f - a scroll of blinking {unknown}
 g - a scroll of identify {unknown}
 h - a scroll of fog {unknown}
 j - a scroll of revelation {unknown}
 l - a scroll of teleportation {unknown}
Potions
 c - a potion of might
 e - a potion of experience {unknown}
 i - a potion of enlightenment {unknown}
 k - a potion of heal wounds {unknown}


   Skills:
 - Level 2.4 Fighting
 - Level 2.4 Dodging
 + Level 2.6 Shields
 - Level 5.0 Unarmed Combat


You had 3 spell levels left.
You didn't know any spells.
Your spell library contained the following spells:

 Spells                   Type           Power      Damage    Failure   Level
 Wereblood                Tmut           0%         N/A       77%         2
 Irradiate                Conj/Tmut      0%         3d11      100%        5


Dungeon Overview and Level Annotations

Branches:
Dungeon (3/15)

Altars:
Uskayaw

Shops:
D:1 (


Innate Abilities, Weirdness & Mutations

You are too large for most types of armour.
You have claws for hands.
Your natural rate of healing is unusually fast.
You are covered in fur. (AC +1)
You have tough skin. (AC +1)


Message History

You miss the adder.
The orc shouts!
The adder closely misses you. The adder bites you.
You miss the adder. The adder bites you but does no damage.
You scratch the adder.
The adder is severely wounded.
The adder bites you.
You completely miss the adder.
The adder is severely wounded.
The adder bites you but does no damage. The adder barely misses you.
You scratch the adder.
The adder is almost dead.
The adder bites you but does no damage.
You claw the adder!
You kill the adder!
You scratch the endoplasm.
The endoplasm is lightly wounded.
You block the endoplasm's attack.
You claw the endoplasm!
You kill the endoplasm!
Your Unarmed Combat skill increases to level 5!
You claw the orc!
You kill the orc!
You scratch the orc.
The orc is lightly wounded.
The orc hits you but does no damage.
You scratch the orc.
The orc is almost dead.
You block the orc's attack.
You claw the orc!
You kill the orc!
No target in view!
No target in view!
No target in view!
You see here the +8 spear of Golden Tenacity {drain, rF+ Str+3 Int+3}.
m - the +8 spear of Golden Tenacity {drain, rF+ Str+3 Int+3} You feel stronger.
You feel clever.
You sense an unholy aura.
m - the +8 spear of Golden Tenacity (weapon)
{drain, rF+ Str+3 Int+3} Are you sure you want to abandon this character and quit the game? (Confirm with "yes".)

#...)......#
#.)........#
#.........##
#....[....# #.......###
#.......# #..(....#
#.<.....######
#......(..@..## .
#......>####..#####....
........# ##...)......
........# #######....
.######## .


There were no monsters in sight!

Vanquished Creatures
  Terence (D:2)
  2 adders
  2 dart slugs (D:1)
  3 orcs (D:3)
  6 endoplasms
  13 goblins
  5 hobgoblins
  6 jackals (D:1)
  4 quokkas
  3 ball pythons (D:1)
  5 bats
  4 frilled lizards
  3 kobolds
  6 rats
63 creatures vanquished.

Notes
Turn   | Place    | Note
-------+----------+-------------------------------------------
     0 | D:1      | Crownlay the Troll Fighter began the quest for the Orb.
     0 | D:1      | Reached XP level 1. HP: 22/22 MP: 0/0
    96 | D:1      | Reached XP level 2. HP: 29/29 MP: 1/1
   199 | D:1      | Reached skill level 3 in Unarmed Combat
   332 | D:1      | Reached XP level 3. HP: 36/36 MP: 2/2
   360 | D:1      | Found Ehimic's Antique Weapon Shop.
   669 | D:2      | Reached skill level 4 in Unarmed Combat
   682 | D:2      | Noticed Terence
   694 | D:2      | Killed Terence
   695 | D:2      | Reached XP level 4. HP: 42/44 MP: 3/3
   884 | D:2      | Found a hide-covered altar of Uskayaw.
   980 | D:2      | Identified the +1 hand axe "Luej" {venom, rF- rCorr Str+4}
  1190 | D:3      | Identified the +8 spear of Golden Tenacity {drain, rF+
                  | Str+3 Int+3}
  1212 | D:3      | Reached skill level 5 in Unarmed Combat
  1227 | D:3      | Quit the game

Illustrated notes

Levels and vault maps discovered:
D:1:      grunt_arrival_lava_bath, layout_rooms, serial_shops, shop
D:2:      layout_loops_cross, basic_altar, uniq_terence
D:3:      layout_rooms

Skill      XL: |  1  2  3  4 |
---------------+-------------+-----
Unarmed Combat | 3 4 5 |  5.0
Fighting       | |  2.4
Dodging        | |  2.4
Shields        | |  2.6

Action                     |  1- 3 |  4- 6 || total
---------------------------+-------+-------++-------
  Melee: Unarmed           |   125 |    43 ||   168
    Use: Scroll            |       |     1 ||     1
 Armour: Robe              |    51 |    18 ||    69
  Dodge: Dodged            |    38 |     8 ||    46
  Block: Kite shield       |    36 |    13 ||    49

Table legend: (Time is in decaauts)
 A = Elapsed time spent in this place.
 B = Non-inter-level travel time spent in this place.
 C = Inter-level travel time spent in this place.
 D = Time resting spent in this place.
 E = Time spent auto-exploring this place.
 F = Levels seen in this place.
 G = Mean time per level.
                   A        B        C        D        E       F      G
               +--------+--------+--------+--------+--------+-----+--------+
         Total |   1235 |   1182 |     53 |      0 |    858 |   3 |  411.7 |
       Dungeon |   1235 |   1182 |     53 |      0 |    858 |   3 |  411.7 |
               +--------+--------+--------+--------+--------+-----+--------+

Top non-repeatable levels by time:
     D:2: 601 daAuts
     D:1: 567 daAuts
     D:3: 66 daAuts
